 Dungeon Crawl Stone Soup version 0.32-a0-871-ge202e49faa (webtiles) character file.

Game seed: 5466428195866426693

261 Griffin23 the Slasher (level 5, 0/47 HPs)
             Began as a Minotaur Fighter on Mar 30, 2024.
             Was an Initiate of Gozag.
             Incinerated by a bombardier beetle (3 damage)
             ... with a burning spray
             ... on level 4 of the Dungeon.
             The game lasted 00:03:08 (2250 turns).

Griffin23 the Slasher (Minotaur Fighter)            Turns: 2250, Time: 00:03:09

Health: 0/47       AC:  8    Str: 23    XL:     5   Next: 96%
Magic:  4/4        EV:  8    Int:  5    God:    Gozag
Gold:   323        SH:  4    Dex:  9    Spells: 4/4 levels left

rFire   . . .        a - +0 long sword
rCold   . . .        c - +0 buckler
rNeg    . . .        b - +0 scale mail
rPois   .            (helmet restricted)
rElec   .            (no cloak)
rCorr   .            s - +0 pair of gloves
SInv    .            (no boots)
Will    +....        (no amulet) Stlth
                     (no ring)
HPRegen 0.27/turn    (no ring)
MPRegen 0.09/turn

%: no passive effects
@: on fire, gold aura, enlightened, flying, glowing
A: horns 2, retaliatory headbutt
a: Renounce Religion, Potion Petition, Call Merchant, Bribe Branch


You were on level 4 of the Dungeon.
You worshipped Gozag.
Gozag was aware of your devotion.
You visited 1 branch of the dungeon, and saw 5 of its levels.

You collected 323 gold pieces.

Inventory:

Hand Weapons
 a - a +0 long sword (weapon)
Missiles
 m - 5 boomerangs (quivered)
Armour
 b - a +0 scale mail (worn)
 c - a +0 buckler (worn)
 s - a +0 pair of gloves (worn)
Scrolls
 e - a scroll of identify {unknown}
 f - a scroll of fear {unknown}
 g - 3 scrolls of enchant armour {unknown}
 h - a scroll of immolation {unknown}
 j - a scroll of enchant weapon {unknown}
 n - a scroll of teleportation {unknown}
 o - a scroll of poison {unknown}
 q - a scroll of silence {unknown}
Potions
 d - 2 potions of might
 i - a potion of heal wounds {unknown}
 k - a potion of enlightenment
 l - a potion of mutation {unknown}
 p - a potion of magic {unknown}
 r - a potion of degeneration {unknown}


   Skills:
 + Level 4.8 Fighting
 * Level 5.0 Long Blades
 + Level 4.9 Armour
 + Level 4.9 Shields


You had 4 spell levels left.
You didn't know any spells.
Your spell library contained the following spells:

 Spells                   Type           Power      Damage    Failure   Level
 Confusing Touch          Hex            0%         N/A       99%         3
 Hailstorm                Conj/Ice       0%         3d5       99%         3
 Inner Flame              Hex/Fire       0%         N/A       99%         3
 Summon Ice Beast         Ice/Summ       0%         N/A       99%         3
 Borgnjor's Vile Clutch   Necr/Erth      0%         N/A       100%        5
 Permafrost Eruption      Ice/Erth       0%         2x4d2     100%        6
 Sculpt Simulacrum        Ice/Alch       0%         N/A       100%        6
 Haunt                    Necr/Summ      0%         N/A       100%        7
 Infestation              Necr           0%         N/A       100%        8
 Animate Dead             Necr           Unusable   N/A       N/A         4

Dungeon Overview and Level Annotations

Branches:
Dungeon (5/15)
 Temple: D:4-7

Altars:
Gozag
Vehumet


Innate Abilities, Weirdness & Mutations

You have a pair of horns on your head.
You reflexively headbutt those who attack you in melee.


Message History

You kill the ball python!
The liquid fire burns you!
You shake off some of the fire as you move.
The liquid fire burns you! The bombardier beetle bites you.
You hit the bombardier beetle.
The bombardier beetle is lightly wounded.
The liquid fire burns you!
You block the bombardier beetle's attack.
You are too injured to fight recklessly!
You are too injured to fight recklessly!
You are too injured to fight recklessly!
You are too injured to fight recklessly!
You slash the bombardier beetle!
The bombardier beetle is severely wounded.
The liquid fire burns you!
You hit the bombardier beetle but do no damage.
Your headbutt misses the bombardier beetle.
The bombardier beetle is severely wounded.
The liquid fire burns you!
The bombardier beetle bites you but does no damage.
You hit the bombardier beetle but do no damage.
The bombardier beetle is severely wounded.
The liquid fire burns you!
* * * LOW HITPOINT WARNING * * *
The bombardier beetle bites you but does no damage.
You hit the bombardier beetle but do no damage.
The bombardier beetle is severely wounded.
The liquid fire burns you!
* * * LOW HITPOINT WARNING * * *
The bombardier beetle sprays incendiary fluid at you.
The burning spray hits you.
You are even more covered in liquid fire!
Okay, then.
It was a potion of enlightenment.
You feel very buoyant.
You fly up into the air.
The liquid fire burns you!
You die...
Your body crumbles into a pile of gold.

#...........#
#...........#
#...........#
#...........#
#...........#
#...........#
#...B..$....#
+....@>.....#
#...........#
#:..........#
#############


You could see a bombardier beetle.

Vanquished Creatures
  An ice beast (D:5)
  A phantom (D:5)
  A hound (D:5)
  3 adders
  A ribbon worm (D:2)
  3 orcs
  3 endoplasms (D:3)
  A giant cockroach (D:1)
  2 goblins
  2 hobgoblins
  3 ball pythons
  6 bats
  2 frilled lizards
  7 kobolds
  4 rats
40 creatures vanquished.

Notes
Turn   | Place    | Note
-------+----------+-------------------------------------------
     0 | D:1      | Griffin23 the Minotaur Fighter began the quest for the Orb.
     0 | D:1      | Reached XP level 1. HP: 19/19 MP: 0/0
   148 | D:1      | Found a faded altar of an unknown god.
   160 | D:1      | Prayed at the altar of an unknown god.
   160 | D:1      | Became a worshipper of Gozag Ym Sagoz the Greedy
   603 | D:2      | Got Civufa's Directory of the Fetching Mountains
   643 | D:2      | Reached XP level 2. HP: 27/27 MP: 1/1
  1072 | D:2      | Reached skill level 3 in Long Blades
  1173 | D:2      | Found a radiant altar of Vehumet.
  1242 | D:2      | Reached XP level 3. HP: 33/33 MP: 2/2
  1799 | D:3      | You fall into a shaft and drop 2 floors!
  1799 | D:5      | Entered Level 5 of the Dungeon
  1966 | D:5      | Noticed a phantom
  1996 | D:5      | Killed a phantom
  1997 | D:5      | Reached skill level 4 in Long Blades
  1997 | D:5      | Reached XP level 4. HP: 20/41 MP: 3/3
  2069 | D:5      | Noticed an ice beast
  2079 | D:5      | Reached XP level 5. HP: 30/47 MP: 4/4
  2104 | D:5      | Killed an ice beast
  2105 | D:5      | Reached skill level 5 in Long Blades
  2250 | D:4      | Incinerated by a bombardier beetle

Illustrated notes

Levels and vault maps discovered:
D:1:      lemuel_arrival_broad_hall, layout_basic, basic_ecumenical_altar
D:2:      layout_loops_corners, basic_altar
D:3:      layout_rooms, kennysheep_generic_room_16
D:4:      layout_basic, lemuel_round_altar, kennysheep_mini,
          gammafunk_ghost_nasty_kobolds
D:5:      layout_basic, serial_curves, eino_curves_04, eino_curves_01,
          nicolae_hexahallways, nrook_campfire

Skill      XL: |  1  2  3  4  5 |
---------------+----------------+-----
Long Blades    | 3 4 5 |  5.0
Armour         | 4 |  4.9
Shields        | 4 |  4.9
Fighting       | 4 |  4.8

Action                     |  1- 3 |  4- 6 || total
---------------------------+-------+-------++-------
  Melee: Long sword        |   107 |    45 ||   152
         Headbutt          |     6 |     7 ||    13
    Use: Potion            |       |     1 ||     1
 Armour: Scale mail        |    79 |    41 ||   120
  Dodge: Dodged            |    57 |    17 ||    74
  Block: Buckler           |    16 |    10 ||    26

Table legend: (Time is in decaauts)
 A = Elapsed time spent in this place.
 B = Non-inter-level travel time spent in this place.
 C = Inter-level travel time spent in this place.
 D = Time resting spent in this place.
 E = Time spent auto-exploring this place.
 F = Levels seen in this place.
 G = Mean time per level.
                   A        B        C        D        E       F      G
               +--------+--------+--------+--------+--------+-----+--------+
         Total |   2288 |   2206 |     82 |     92 |   1546 |   5 |  457.6 |
       Dungeon |   2288 |   2206 |     82 |     92 |   1546 |   5 |  457.6 |
               +--------+--------+--------+--------+--------+-----+--------+

Top non-repeatable levels by time:
     D:2: 1030 daAuts
     D:1: 524 daAuts
     D:5: 457 daAuts
     D:3: 264 daAuts
     D:4: 12 daAuts
